 Dungeon Crawl Stone Soup version 0.29-a0-322-g68df515428 (webtiles) character file.

Game seed: 11315742109473055766

114 zishaf the Skirmisher (level 4, -1/39 HPs)
             Began as a Palentonga Abyssal Knight on Apr 5, 2022.
             Was a Believer of Lugonu.
             Slain by Pargi (7 damage)
             ... in a sewer.
             The game lasted 00:04:47 (2077 turns).

zishaf the Skirmisher (Palentonga Abyssal Knight)   Turns: 2077, Time: 00:04:48

Health: -1/39      AC:  5    Str: 18    XL:     4   Next: 66%
Magic:  6/6        EV:  9    Int: 11    God:    Lugonu [**....]
Gold:   157        SH:  0    Dex: 10    Spells: 3/3 levels left

rFire   . . .      SeeInvis +   a - +1 falchion
rCold   . . .      Faith    .   (no shield)
rNeg    . . .      Spirit   .   k - +1 leather armour
rPois   .          Reflect  .   (no helmet)
rElec   .          Harm     .   c - scarf {+Inv}
rCorr   .          Rampage  .   (no gloves)
Will    .....                   (no barding)
Stlth   +.........              (no amulet)
HPRegen 0.13/turn               (no ring)
MPRegen 0.10/turn               (no ring)

@: hasted, very quick
A: large, rugged brown scales 3, see invisible, deformed body, roll 1, armoured
tail
a: Rolling Charge, Renounce Religion, Evoke Invisibility, Depart the Abyss, Bend
Space


You were in a sewer.
You worshipped Lugonu.
Lugonu was pleased with you.
You visited 1 branch of the dungeon, and saw 3 of its levels.
You visited the Abyss 1 time.
You also visited: Sewer.

You collected 157 gold pieces.

Inventory:

Hand Weapons
 a - a +1 falchion (weapon)
 b - a +0 hunting sling
Armour
 c - a scarf of invisibility (worn)
 k - a +1 leather armour (worn)
Scrolls
 n - a scroll of immolation
Potions
 g - a potion of lignification
 h - a potion of invisibility
 o - a potion of curing {unknown}
 p - a potion of flight {unknown}


   Skills:
 + Level 3.9 Fighting
 + Level 3.1 Long Blades
 - Level 2.0 Armour
 - Level 0.7 Dodging
 + Level 3.3 Invocations


You had 3 spell levels left.
You didn't know any spells.
Your spell library contained the following spells:

 Spells                   Type           Power      Damage    Failure   Level
 Foxfire                  Conj/Fire      0%         2x1d4     38%         1
 Freeze                   Ice            0%         1d3       38%         1
 Conjure Flame            Conj/Fire      0%         6-21      77%         3
 Frozen Ramparts          Ice            0%         1d2       77%         3
 Inner Flame              Hex/Fire       0%         N/A       77%         3
 Flame Wave               Conj/Fire      0%         2d4       99%         4
 Hailstorm                Conj/Ice       0%         3d3       99%         4


Dungeon Overview and Level Annotations

Branches:
Dungeon (3/15)              Sewer (1/1)

Altars:

Annotations:
Sewer Pargi


Innate Abilities, Weirdness & Mutations

You are completely covered in rugged brown scales. (AC +3, +7% HP)
You have supernaturally acute eyesight. (SInv)
Armour fits poorly on your strangely shaped body.
You can roll at nearby foes to attack.
You have a long armoured tail.


Message History

Pargi bites you but does no damage. Pargi claws you but does no damage.
Pargi claws you.
* * * LOW HITPOINT WARNING * * *
You hit Pargi.
Pargi is moderately wounded.
Pargi bites you.
* * * LOW HITPOINT WARNING * * *
Pargi claws you but does no damage. x2
It was a potion of haste.
You feel yourself speed up. Pargi bites you but does no damage.
Pargi claws you but does no damage. x2
You miss Pargi.
Pargi is lightly wounded.
Pargi barely misses you. Pargi claws you but does no damage. x2
You hit Pargi.
Pargi is moderately wounded.
You hit Pargi.
Pargi is moderately wounded.
Pargi bites you but does no damage. Pargi claws you but does no damage. x2
You hit Pargi.
Pargi is moderately wounded.
Pargi completely misses you. Pargi claws you but does no damage. x2
You closely miss Pargi.
Pargi is moderately wounded.
Pargi bites you but does no damage. Pargi completely misses you.
Pargi claws you but does no damage.
You barely miss Pargi.
Pargi is moderately wounded.
You feel less wooden.
Your scarf of invisibility unmelds from your body.
Your +1 leather armour unmelds from your body.
You become transparent for a moment.
You miss Pargi.
Pargi is moderately wounded.
Pargi bites you.
* * * LOW HITPOINT WARNING * * *
Pargi claws you but does no damage. Pargi barely misses you.
You barely miss Pargi. You tail-slap Pargi!
Pargi is heavily wounded.
Pargi bites you!
You die...

+.≈≈≈.)..#
#.≈≈≈.####
#.≈≈≈.####
+.≈≈≈.)..#
#.≈≈≈.####
####.≈≈≈.####
#∩....∩..'..#
####.≈≈≈.####
####@≈≈≈.####
#..†T≈≈≈.'..#
####.≈≈≈.####
####.≈≈≈.####
#?.'.≈≈≈.'..#
####.≈≈≈.####
#.≈≈≈.####
+.≈≈≈.'..#
##########


You could see Pargi.

Vanquished Creatures
  An orc priest (D:3)
  3 adders
  A river rat (D:3)
  A worm (D:2)
  2 orcs (D:3)
  3 bats
  4 endoplasms
  A giant cockroach (D:2)
  3 goblins (D:1)
  4 hobgoblins
  3 jackals (D:2)
  2 ball pythons (D:1)
  2 frilled lizards (D:1)
  8 kobolds
  6 rats
44 creatures vanquished.

Notes
Turn   | Place    | Note
-------+----------+-------------------------------------------
     0 | Abyss:1  | zishaf the Palentonga Abyssal Knight began the quest for
                  | the Orb.
     0 | Abyss:1  | Reached XP level 1. HP: 19/19 MP: 2/2
    74 | Abyss:1  | Noticed a blizzard demon
    76 | D:1      | Escaped the Abyss
   148 | D:1      | Reached ** piety under Lugonu
   224 | D:1      | Reached XP level 2. HP: 25/25 MP: 3/3
   765 | D:2      | Reached XP level 3. HP: 24/31 MP: 4/4
  1641 | D:3      | Reached XP level 4. HP: 8/39 MP: 3/6
  1765 | D:3      | Found a glowing drain.
  1867 | Sewer    | Entered a sewer
  2037 | Sewer    | Noticed Pargi
  2077 | Sewer    | Slain by Pargi

Illustrated notes

Levels and vault maps discovered:
D:1:      saegor_arrival_simple_e, layout_basic, minmay_hexomino_p4
D:2:      layout_loops_ring, minmay_misc_feat_pillars
D:3:      layout_basic, mainiacjoe_overflow_paths, serial_corexii_hall,
          corexii_hall_statues_t, corexii_hall_statues_x, gup_sewer_entry_bowl
Sewer:    kennysheep_door_sewer

Skill      XL: |  1  2  3  4 |
---------------+-------------+-----
Armour         | 2 |  2.0
Invocations    | 3 |  3.3
Long Blades    | 3 |  3.1
Fighting       | |  3.9
Dodging        | |  0.7

Action                   |  1- 3 |  4- 6 || total
-------------------------+-------+-------++-------
Melee: Falchion          |    83 |    55 ||   138
       Tailslap          |     8 |     2 ||    10
       Punch             |     1 |     1 ||     2
Invok: Depart the Abyss  |     1 |       ||     1
       Bend Space        |     2 |       ||     2
 Abil: Rolling Charge    |     2 |       ||     2
  Use: Scroll            |     9 |       ||     9
       Potion            |     1 |     2 ||     3
Armor: Leather armour    |    32 |     8 ||    40
       Skin              |       |    79 ||    79
Dodge: Dodged            |    41 |    21 ||    62

Table legend: (Time is in decaauts)
 A = Elapsed time spent in this place.
 B = Non-inter-level travel time spent in this place.
 C = Inter-level travel time spent in this place.
 D = Time resting spent in this place.
 E = Time spent auto-exploring this place.
 F = Levels seen in this place.
 G = Mean time per level.
                   A        B        C        D        E       F      G
               +--------+--------+--------+--------+--------+-----+--------+
         Total |   2100 |   2074 |     26 |    411 |   1194 |   5 |  420.0 |
       Dungeon |   1810 |   1784 |     26 |    328 |   1078 |   3 |  603.3 |
         Abyss |     76 |     76 |      0 |      0 |     46 |   1 |   76.0 |
         Sewer |    213 |    213 |      0 |     83 |     70 |   1 |  213.0 |
               +--------+--------+--------+--------+--------+-----+--------+

Top non-repeatable levels by time:
     D:2: 900 daAuts
     D:1: 604 daAuts
     D:3: 305 daAuts
   Sewer: 213 daAuts
 Abyss:1: 76 daAuts
